 Dungeon Crawl Stone Soup version 0.27.1-1-g398f81649c (webtiles) character file.

Game seed: 128416920709612688

1818 MajorAdolf the Twirler (level 9, 0/81 HPs)
             Began as a Naga Wanderer on Sept 11, 2021.
             Was an Initiate of Okawaru.
             Slain by a yak (5 damage)
             ... on level 6 of the Dungeon.
             The game lasted 00:14:07 (8654 turns).

MajorAdolf the Twirler (Naga Wanderer)              Turns: 8654, Time: 00:14:07

Health: 0/81       AC: 10    Str: 23    XL:     9   Next: 10%
Magic:  0/9        EV: 10    Int:  8    God:    Okawaru [......]
Gold:   139        SH:  0    Dex: 16    Spells: 8/8 levels left

rFire    + . .     SeeInvis +   a - +0 quarterstaff
rCold    + . .     Faith    .   (shield currently unavailable)
rNeg     . . .     Spirit   +   o - +2 ring mail {Will+}
rPois    +         Reflect  .   z - +0 helmet
rElec    .         Harm     .   h - scarf {rC+ rF+}
rCorr    .         Rampage  .   y - +0 pair of gloves
Will     +++..                  (no barding)
Stlth    +.........             e - amulet of guardian spirit
HPRegen  0.23/turn              i - ring of willpower
MPRegen  0.11/turn              n - +6 ring of strength

@: about to teleport, very slow
A: AC +3, large, see invisible, deformed body, poison resistance, slowness 2,
spit poison 1, naga tail 1
a: Spit Poison, Renounce Religion


You were on level 6 of the Dungeon.
You worshipped Okawaru.
Okawaru was noncommittal.
You visited 2 branches of the dungeon, and saw 7 of its levels.

You collected 356 gold pieces.
You spent 217 gold pieces at shops.

Inventory:

Hand Weapons
 a - a +0 quarterstaff (weapon)
Missiles
 l - 8 javelins
 t - 14 poisoned darts
 u - 7 datura-tipped darts
 E - 2 throwing nets
Armour
 c - a +2 scale mail
 h - a scarf of resistance (worn)
 o - a +2 ring mail of willpower (worn)
 y - a +0 pair of gloves (worn)
 z - a +0 helmet (worn)
 A - a +0 scale mail of cold resistance
 F - the +0 chain mail of Makhleb's Envy {-Tele rPois rF+ Int+2}
   (You found it on level 6 of the Dungeon)

   Int:       It affects your intelligence (+2).
   rF:        It protects you from fire.
   rPois:     It protects you from poison.
   -Tele:     It prevents most forms of teleportation.
Jewellery
 e - an amulet of guardian spirit (around neck)
 i - a ring of willpower (left hand)
 n - a +6 ring of strength (right hand)
 s - a ring of fire
Scrolls
 b - a scroll of teleportation
 d - 6 scrolls of identify {unknown}
 f - 2 scrolls of enchant weapon {unknown}
 g - 4 scrolls of magic mapping {unknown}
 k - a scroll of vulnerability {unknown}
 r - a scroll of fog {unknown}
 B - 2 scrolls of torment {unknown}
 D - a scroll of amnesia {unknown}
 G - a scroll of silence {unknown}
 H - a scroll of fear {unknown}
Potions
 j - 3 potions of heal wounds {unknown}
 m - 4 potions of curing {unknown}
 p - a potion of might {unknown}
 q - 2 potions of haste {unknown}
 v - a potion of attraction {unknown}
 w - a potion of invisibility
 x - a potion of lignification {unknown}
 C - a potion of brilliance {unknown}


   Skills:
 - Level 5.0 Fighting
 + Level 5.2 Staves
 - Level 1.7 Bows
 + Level 3.9 Throwing
 + Level 4.0 Armour
 + Level 3.7 Dodging
 - Level 1.5 Stealth
 - Level 1.0 Shields
 + Level 4.6 Evocations


You had 8 spell levels left.
You didn't know any spells.
Your spell library contained the following spells:

 Spells                   Type           Power      Damage    Failure   Level
 Pain                     Necr           0%         1d4       54%         1
 Agony                    Necr           0%         N/A       100%        5
 Excruciating Wounds      Necr           0%         N/A       100%        5


Dungeon Overview and Level Annotations

Branches:
Dungeon (6/15)             Temple (1/1) D:6

Altars:
Ashenzari
Cheibriados
Dithmenos
Fedhas
Gozag
Hepliaklqana
Kikubaaqudgha
Makhleb
Nemelex Xobeh
Okawaru
Qazlal
Ru
Sif Muna
Trog
Uskayaw
Vehumet
Xom
Yredelemnul
Zin
The Shining One

Shops:
D:3 [

Annotations:
D:5 3 runed translucent doors, Gwenloh's ghost, novice PaFi


Innate Abilities, Weirdness & Mutations

Your serpentine skin is tough. (AC +3)
You have supernaturally acute eyesight. (SInv)
Armour fits poorly on your strangely shaped body.
Your system is resistant to poisons. (rPois)
You cover ground very slowly.
You can spit poison.
You have a snake-like lower body.


Message History

Unknown command.
You thump the yak!
You kill the yak!
Okawaru accepts your kill.
Your Armour skill increases to level 4!
You hit the yak.
The yak is lightly wounded.
The yak gores you.
You sock the yak!
The yak is moderately wounded.
You have got your breath back.
The yak gores you!
You hit the yak.
The yak is heavily wounded.
The yak gores you!
* * * LOW HITPOINT WARNING * * *
Press: ? - help, Shift-Dir - straight line, f - yak
Aim: a yak (moderately wounded)
The splash of poison hits the yak.
The yak is heavily wounded.
The yak gores you but does no damage.
Unknown command.
You sock the yak!
The yak is severely wounded.
The yak completely misses you.
Unknown command.
Okay, then.
You hit the yak.
The yak is severely wounded.
The yak gores you!
* * * LOW HITPOINT WARNING * * *
Okay, then.
Okay, then.
As you read the scroll of teleportation, it crumbles to dust.
You feel strangely unstable.
You have got your breath back.
The yak closely misses you.
Unknown command.
The yak gores you.
You die...

... #.##.....# #....# #.#
#.##...#.###....# #.#
#.##...#........### #.#
#.##..##........#.# #.###
#.##.####.....>.#.# #...##
#.##......#...#...#
##...###.....#####...##..#
#....##..................
#....†.Y@......##........
#....##........##.##.##.#
#....##..#.#####.........
#.....#..#.#.............
###.#......#...#..⌠...⌠..
#.....#......#.........
###...#...........>....
##.....#...#......... ....
#...#..⌠...⌠..


You could see a yak.

Vanquished Creatures
  3 yaks (D:6)
  Edmund (D:4)
  Duvessa (D:4)
  A black bear (D:4)
  A centaur (D:6)
  An ogre (D:5)
  A scorpion (D:5)
  Blork the orc (D:3)
  2 water moccasin zombies (D:5)
  Dowan (D:4)
  5 hounds
  A bullfrog skeleton (D:5)
  A centaur skeleton (D:5)
  A jelly (D:4)
  A gnoll shaman (D:5)
  An orc wizard (D:3)
  Robin (D:4)
  16 gnolls
  5 adders
  An ufetubus (D:4)
  2 worms
  4 dart slugs
  16 orcs
  9 endoplasms
  4 giant cockroaches
  11 goblins
  14 hobgoblins
  2 jackals (D:1)
  5 quokkas
  8 ball pythons
  4 bats
  4 frilled lizards (D:1)
  10 kobolds
  7 rats
146 creatures vanquished.

Vanquished Creatures (others)
  2 fungi (D:5)
  2 plants (D:5)
4 creatures vanquished.

Grand Total: 150 creatures vanquished

Notes
Turn   | Place    | Note
-------+----------+-------------------------------------------
     0 | D:1      | MajorAdolf the Naga Wanderer began the quest for the Orb.
     0 | D:1      | MajorAdolf set off with the following items: a +0
                  | quarterstaff, a scroll of teleportation, a +2 scale mail
     0 | D:1      | Reached XP level 1. HP: 21/21 MP: 1/1
   248 | D:1      | Reached XP level 2. HP: 24/28 MP: 2/2
   484 | D:1      | Found a faded altar of an unknown god.
   840 | D:1      | Reached XP level 3. HP: 33/34 MP: 3/3
  1617 | D:2      | Reached skill level 1 in Dodging
  1617 | D:2      | Reached skill level 1 in Evocations
  1716 | D:2      | Reached XP level 4. HP: 22/42 MP: 4/4
  3095 | D:3      | Reached XP level 5. HP: 43/50 MP: 5/5
  3149 | D:3      | Found Ologg's Antique Armour Shoppe.
  3368 | D:2      | Reached skill level 1 in Throwing
  3802 | D:4      | Noticed Duvessa
  3802 | D:4      | Noticed Dowan
  3835 | D:5      | Entered Level 5 of the Dungeon
  4005 | D:4      | Reached XP level 6. HP: 28/57 MP: 2/6
  4458 | D:4      | Killed Duvessa
  4459 | D:4      | Reached XP level 7. HP: 38/64 MP: 4/7
  4863 | D:4      | Killed Dowan
  4943 | D:4      | Noticed Edmund
  4963 | D:4      | Killed Edmund
  5154 | D:4      | Found a glowing silver altar of Zin.
  5284 | D:4      | Noticed Blork the orc
  5564 | D:3      | Killed Blork the orc
  5778 | D:4      | Reached XP level 8. HP: 61/73 MP: 6/8
  6328 | D:4      | Found a sacrificial altar of Ru.
  6390 | D:4      | Noticed Robin
  6415 | D:4      | Killed Robin
  6473 | D:3      | Bought a glowing scale mail for 217 gold pieces
  6805 | D:5      | Found a runed translucent gate.
  6806 | D:5      | Found a runed translucent gate.
  6806 | D:5      | Noticed Gwenloh's ghost (novice PaFi)
  6807 | D:5      | Found a runed translucent gate.
  7217 | D:5      | Reached skill level 5 in Fighting
  7547 | D:6      | Found a staircase to the Ecumenical Temple.
  7554 | D:6      | Identified the +0 chain mail of Makhleb's Envy {-Tele rPois
                  | rF+ Int+2}
  7566 | Temple   | Entered the Ecumenical Temple
  7838 | Temple   | Became a worshipper of Warmaster Okawaru
  8560 | D:6      | Noticed a yak
  8578 | D:6      | Killed a yak
  8616 | D:6      | Noticed a yak
  8617 | D:6      | Noticed a yak
  8627 | D:6      | Noticed a yak
  8633 | D:6      | Killed a yak
  8634 | D:6      | Reached skill level 5 in Staves
  8634 | D:6      | Reached XP level 9. HP: 59/81 MP: 6/9
  8651 | D:6      | HP: 4/81 [yak (12)]
  8654 | D:6      | Slain by a yak

Illustrated notes

Levels and vault maps discovered:
D:1:      shiori_arrival_maze, layout_basic, ebering_ecumenical_altar_hall,
          minmay_quantized
D:2:      layout_basic
D:3:      layout_rooms, serial_shops, shop
D:4:      layout_rooms, kennysheep_mini, amcnicky_altar_gilded,
          hangedman_minor_gate_pass, uniq_robin, uniq_blork_the_orc,
          uniq_edmund, uniq_duvessa
D:5:      layout_basic, gammafunk_ghost_nasty_kobolds,
          minmay_fractal_squares_gapless_5
D:6:      minmay_goblin_kobold_castle, layout_rooms,
          minmay_temple_entry_large_hall, minmay_misc_feat_four_crosses,
          serial_bayou_pond_c
Temple:   dpeg_five_rooms_temple

Skill      XL: |  1  2  3  4  5  6  7  8  9 |
---------------+----------------------------+-----
Dodging        | 1 2 3 |  3.7
Evocations     | 1 2 3 4 |  4.6
Throwing       | 1 2 3 |  3.9
Staves         | 3 4 5 |  5.2
Armour         | 2 3 4 |  4.0
Fighting       | 4 5 |  5.0
Bows           | |  1.7
Stealth        | |  1.5
Shields        | |  1.0

Action                   |  1- 3 |  4- 6 |  7- 9 || total
-------------------------+-------+-------+-------++-------
Melee: Quarterstaff      |   122 |   143 |   260 ||   525
Throw: Dart              |       |       |     4 ||     4
 Abil: Spit Poison       |     7 |    16 |    27 ||    50
  Use: Scroll            |       |       |     1 ||     1
Armor: Scale mail        |    65 |    30 |       ||    95
       Ring mail         |       |    46 |   135 ||   181
Dodge: Dodged            |    43 |    79 |   188 ||   310
